 Dungeon Crawl Stone Soup version 0.30.0-29-ga12c61a403 (webtiles) character file.

Game seed: 7398135407369509929

287519 Bnni the Phalangite (level 21, -16/174 HPs)
             Began as a Formicid Fighter on June 23, 2023.
             Was an Initiate of Yredelemnul.
             Killed from afar by a hell knight (37 damage)
             ... with a bolt of fire
             ... on level 1 of the Depths on June 24, 2023.
             The game lasted 02:10:02 (38970 turns).

Bnni the Phalangite (Formicid Fighter)             Turns: 38970, Time: 02:10:03

Health: -16/174    AC: 33    Str: 29    XL:     21   Next: 55%
Magic:  28/35      EV:  5    Int: 11    God:    Yredelemnul [......]
Gold:   4551       SH:  9    Dex: 13    Spells: 6/20 levels left

rFire   . . .        O - +8 bardiche (heavy)
rCold   + + .        Y - +0 kite shield
rNeg    . . .        P - +5 crystal plate armour
rPois   .            (helmet unavailable)
rElec   +            f - +2 cloak
rCorr   .            l - +2 pair of gloves of Qanaurug {rElec}
SInv    +            j - +0 pair of boots
Will    ++...        s - amulet of faith Stlth
                     C - ring of protection from cold
HPRegen 0.49/turn    t - ring of protection from cold
MPRegen 0.24/turn

%: faith
@: studying Hexes
A: permanent stasis, dig shafts and tunnels, antennae 3, four strong arms,
mutation resistance 1
}: 2/15 runes: barnacled, gossamer
a: Dig, Shaft Self, Renounce Religion, Recall Undead Harvest


You were on level 1 of the Depths.
You worshipped Yredelemnul.
Yredelemnul was greatly pleased with you.
You visited 7 branches of the dungeon, and saw 33 of its levels.
You also visited: Bailey, Gauntlet and Ice Cave.

You collected 5826 gold pieces.
You spent 1275 gold pieces at shops.

Inventory:

Hand Weapons
 O - a +8 heavy bardiche (weapon)
Missiles
 u - 4 curare-tipped darts
 w - 10 javelins
 F - a throwing net
 L - 6 silver boomerangs
 M - 27 boomerangs (quivered)
 W - 17 silver javelins
Armour
 a - a scarf of resistance
 f - a +2 cloak (worn)
 j - a +0 pair of boots (worn)
 l - the +2 pair of gloves of Qanaurug (worn) {rElec}
   (You bought it in a shop on level 2 of the Orcish Mines)

   rElec:     It insulates you from electricity.
 E - a +2 crystal plate armour of cold resistance
 P - a +5 crystal plate armour (worn)
 Y - a +0 kite shield (worn)
Jewellery
 s - an amulet of faith (around neck)
 t - a ring of protection from cold (right hand)
 C - a ring of protection from cold (left hand)
 R - the necklace of Bloodlust {Fury *Rage Will++ Int-3 Slay+6}
   (You found it in a Gauntlet)

   [amulet of nothing]

   Fury:      It extends the wearer's berserk rage when killing foes.
   Int:       It affects your intelligence (-3).
   Slay:      It affects your accuracy & damage with ranged weapons and melee
   (+6).
   *Rage:     It berserks you when you make melee attacks (+50% chance).
   Will:      It greatly increases your willpower.
 S - the ring "Nuecobag" {rF+ Will+}
   (You found it in a Gauntlet)

   [ring of protection from fire]

   rF:        It protects you from fire.
   Will:      It increases your willpower.
 U - a ring of resist corrosion
 V - a ring of poison resistance
Wands
 n - a wand of digging (22)
 q - a wand of acid (17)
 B - a wand of mindburst (50)
 Z - a wand of iceblast (6)
Scrolls
 e - 5 scrolls of fog
 g - 5 scrolls of identify
 m - 4 scrolls of vulnerability
 p - a scroll of immolation
 y - 4 scrolls of butterflies
 G - 2 scrolls of magic mapping
 H - 9 scrolls of amnesia
 J - a scroll of poison
 K - a scroll of brand weapon
 Q - 3 scrolls of fear
Potions
 b - 4 potions of mutation
 d - 5 potions of resistance
 h - 7 potions of curing
 k - 7 potions of magic
 x - 2 potions of might
 z - 7 potions of attraction
 A - 9 potions of ambrosia
 D - 5 potions of flight
 I - 5 potions of cancellation
 N - 4 potions of invisibility
Miscellaneous
 i - a phial of floods
 v - a lightning rod (4/4)
 T - a phantom mirror
 X - a box of beasts


   Skills:
 + Level 17.2 Fighting
 * Level 21.6 Polearms
 + Level 12.2 Throwing
 - Level 10.0 Armour
 + Level 4.7 Shields
 - Level 5.3 Translocations
 + Level 21.2 Invocations


You had 6 spell levels left.
You knew the following spells:

 Your Spells              Type           Power      Damage    Failure   Level
a - Apportation           Tloc           22%        N/A       91%         1
b - Lesser Beckoning      Tloc           22%        N/A       97%         2
c - Portal Projectile     Hex/Tloc       10%        N/A       100%        3
d - Manifold Assault      Tloc           11%        N/A       100%        4
e - Passage of Golubria   Tloc           11%        N/A       100%        4

Your spell library contained the following spells:

 Spells                   Type           Power      Damage    Failure   Level
 Gell's Gravitas          Tloc           11%        N/A       99%         3
 Teleport Other           Tloc           11%        N/A       99%         3
 Freeze                   Ice            0%         1d3       100%        1
 Kiss of Death            Conj/Necr      0%         2d5       100%        1
 Necrotise                Necr           0%         1d4       100%        1
 Shock                    Conj/Air       0%         1d3       100%        1
 Summon Small Mammal      Summ           0%         N/A       100%        1
 Cigotuvi's Dreadful Rot  Necr/Pois/Air  0%         N/A       100%        2
 Ensorcelled Hibernation  Hex/Ice        0%         N/A       100%        2
 Momentum Strike          Conj/Tloc      10%        3d8       100%        2
 Passwall                 Tmut/Erth      0%         N/A       100%        2
 Poisonous Vapours        Pois/Air       0%         N/A       100%        2
 Confusing Touch          Hex            0%         N/A       100%        3
 Dazzling Flash           Conj/Hex       0%         N/A       100%        3
 Frozen Ramparts          Ice            0%         1d1       100%        3
 Hailstorm                Conj/Ice       0%         3d3       100%        3
 Ignite Poison            Fire/Tmut/Pois 0%         N/A       100%        3
 Inner Flame              Hex/Fire       0%         N/A       100%        3
 Mephitic Cloud           Conj/Pois/Air  0%         N/A       100%        3
 Ozocubu's Armour         Ice            0%         N/A       100%        3
 Tukima's Dance           Hex            0%         N/A       100%        3
 Volatile Blastmotes      Fire/Tloc      10%        2d10      100%        3
 Airstrike                Air            0%         2d(0-16)  100%        4
 Anguish                  Hex/Necr       0%         N/A       100%        4
 Cause Fear               Hex            0%         N/A       100%        4
 Dispel Undead            Necr           0%         3d6       100%        4
 Ice Form                 Ice/Tmut       0%         N/A       100%        4
 Iskenderun's Mystic Bla  Conj/Tloc      5%         2d3       100%        4
 Sticky Flame             Conj/Fire      0%         2d3       100%        4
 Summon Ice Beast         Ice/Summ       0%         N/A       100%        4
 Agony                    Necr           0%         N/A       100%        5
 Blade Hands              Tmut           0%         N/A       100%        5
 Freezing Cloud           Conj/Ice/Air   0%         6-21      100%        5
 Irradiate                Conj/Tmut      0%         3d11      100%        5
 Metabolic Englaciation   Hex/Ice        0%         N/A       100%        5
 Silence                  Hex/Air        0%         N/A       100%        5
 Summon Forest            Summ/Tloc      2%         N/A       100%        5
 Summon Mana Viper        Hex/Summ       0%         N/A       100%        5
 Yara's Violent Unravell  Hex/Tmut       0%         3d3       100%        5
 Eringya's Noxious Bog    Tmut/Pois      0%         N/A       100%        6
 Starburst                Conj/Fire      0%         6d3       100%        6
 Summon Cactus Giant      Summ           0%         N/A       100%        6
 Dragon Form              Tmut           0%         N/A       100%        7
 Enfeeble                 Hex            0%         N/A       100%        7
 Storm Form               Tmut/Air       0%         N/A       100%        7
 Summon Hydra             Summ           0%         N/A       100%        7
 Ignition                 Fire           0%         3d3       100%        8
 Lehudib's Crystal Spear  Conj/Erth      0%         10d2      100%        8
 Polar Vortex             Ice            0%         N/A       100%        9
 Blink                    Tloc           Unusable   N/A       N/A         2
 Swiftness                Air            Unusable   N/A       N/A         3
 Death Channel            Necr           Unusable   N/A       N/A         6
 Simulacrum               Ice/Necr       Unusable   N/A       N/A         6

Dungeon Overview and Level Annotations

Branches:
Dungeon (15/15)            Temple (1/1) D:4            Lair (5/5) D:9
 Shoals (4/4) Lair:3       Spider (4/4) Lair:3        Slime (0/5) Lair:4
    Orc (2/2) D:12            Elf (0/3) Orc:2        Vaults (0/5) D:14
 Depths (2/4) D:15         Bailey (visited)           IceCv (visited)
Gauntlet (visited)

Altars:
Ashenzari
Cheibriados
Dithmenos
Elyvilon
Fedhas
Gozag
Hepliaklqana
Kikubaaqudgha
Makhleb
Nemelex Xobeh
Okawaru
Qazlal
Ru
Sif Muna
Trog
Uskayaw
Vehumet
Wu Jian
Xom
Yredelemnul
Zin
The Shining One
Jiyva

Shops:
D:11 [   Orc:2 (?:([   Depths:2 ?

Portals:
Hell: Depths:2
Pandemonium: Depths:2
Trove: D:10 (give 14 potions of curing)


Innate Abilities, Weirdness & Mutations

You cannot be hasted, slowed, berserked, paralysed or teleported.
You can dig through walls and to a lower floor.
You have a pair of large antennae on your head. (SInv)
Your four strong arms can wield two-handed weapons with a shield.
You are somewhat resistant to further mutation.


Message History

A hell knight comes into view.
It is wielding a +3 broad axe of flaming.
Your spriggan zombie closely misses the spriggan.
Your spriggan berserker zombie hits the spriggan!
The hell knight hits your spriggan zombie with a +4 broad axe!
Your fire dragon zombie bites the spriggan!
The spriggan dies!
The dead are walking!
The necromancer casts a spell.
The necromancer binds the souls of nearby monsters.
Your spriggan zombie hits the hell knight but does no damage.
Unknown command.
Yredelemnul sends a servant to aid you.
Yredelemnul accepts your bounty of souls!
The hell knight hits your spriggan berserker zombie with a +4 broad axe!!
The hell knight hits your spriggan zombie with a +4 broad axe!!
Your spriggan berserker zombie hits the hell knight!
The necromancer gestures wildly while chanting.
The necromancer binds the souls of nearby monsters.
A hell knight comes into view.
It is wielding a +3 demon blade of flaming.
Unknown command.
Unknown command.
Yredelemnul sends a servant to aid you.
Yredelemnul accepts your bounty of souls!
You can no longer trade souls for undead servants.
A hell knight comes into view. It is wielding a +5 long sword.
Unknown command.
Unknown command.
Unknown command.
You swap places.
The hell knight closely misses your eidolon.
The hell knight hits your ghoul with a +4 broad axe!
The hell knight prays to its god.
The hell knight seems to speed up.
The hell knight calls down the wrath of its god upon you.
The bolt of fire hits the hell knight.
The hell knight completely resists.
The bolt of fire misses the hell knight.
The bolt of fire hits the hell knight.
The hell knight completely resists.
The bolt of fire hits your eidolon!!! The bolt of fire hits you!!!
You die...
Your body rises from the dead as a mindless zombie.

# #. ##..
#..pp##
#..ppp.####
#)pW@# {
##n#######
#.)......#
#..[.....#
#........#
.........#
##........#
#.....^..#
#........#


You could see 5 hell knights, a necromancer, a friendly ghoul (summoned) and a
friendly eidolon (summoned).

Vanquished Creatures
  A lich (Depths:2)
  Asterion (Depths:2)
  A walking divine tome (Depths:2)
  Polyphemus (Shoals:2)
  A fire giant (Depths:2)
  2 frost giants (IceCv)
  2 ghost moths
  The ghost of Mallanif the Martial Artist, a journeyman GnTm of Ashenzari (D:13)
  2 broodmothers (Spider:4)
  5 stone giants
  3 very ugly things (Depths:2)
  A white draconian (IceCv)
  A spark wasp (Depths:2)
  An ettin (Depths:2)
  A merfolk javelineer (Shoals:2)
  4 merfolk impalers
  A fire dragon (Depths:1)
  5 entropy weavers
  6 ice dragons
  A spriggan air mage (Depths:1)
  A hydra (Lair:5)
  A radroach (Spider:2)
  5 centaur warriors
  5 merfolk aquamancers
  7 ironbound frosthearts (IceCv)
  2 boulder beetles
  2 alligator snapping turtles
  2 death knights
  A death yak (Shoals:2)
  Erica (D:9)
  The ghost of dvd2 the Zephyrmancer, a journeyman OpAE of Vehumet (D:9)
  A deep troll earth mage (Depths:1)
  4 two-headed ogres
  A spriggan berserker (Depths:1)
  A death scarab (Gauntlet)
  2 deep troll shamans (Depths:1)
  A tengu warrior (Depths:2)
  6 skysharks
  A soul eater (Depths:2)
  4 hell knights
  2 iron trolls (Depths:2)
  A shadow wraith (D:14)
  2 sixfirhies
  5 deep trolls
  2 skeletal warriors (D:15)
  2 pharaoh ants
  3 orb spiders
  3 sea snakes
  2 spriggan riders (Depths:2)
  9 slime creatures
  A wizard (Depths:2)
  An orange crystal statue (IceCv)
  2 necromancers
  Pikel (D:4)
  4 harpies
  2 lindwurms (Lair:5)
  An orc knight (D:15)
  A steelbarb worm (shapeshifter) (D:14)
  3 steelbarb worms
  A deep elf pyromancer (D:14)
  A harpy (shapeshifter) (D:13)
  13 fauns
  7 wolf spiders
  6 ugly things
  7 cyclopes
  6 manticores
  Maurice (D:9)
  A moth of wrath (Spider:4)
  An elephant (Lair:5)
  A moth of wrath (shapeshifter) (Depths:2)
  3 black mambas (Lair:5)
  8 merfolk sirens
  A guardian serpent (D:14)
  2 rust devils
  2 demonic crawlers
  A molten gargoyle (Lair:5)
  3 water nymphs
  3 torpor snails
  A gargoyle (D:12)
  3 cane toads
  2 efreet (D:15)
  7 rime drakes (IceCv)
  A minotaur zombie (Gauntlet)
  11 komodo dragons
  A tengu conjurer (D:14)
  An ice devil (D:15)
  A red devil (D:15)
  A tormentor (Depths:2)
  9 merfolk
  7 trolls
  A queen bee (Lair:5)
  2 meliai (Lair:5)
  10 polar bears
  3 hornets
  Prince Ribbit (D:5)
  13 tarantellas
  16 blink frogs
  A spectral elephant (Gauntlet)
  A dream sheep (Lair:2)
  Grinder (D:4)
  2 snapping turtles (Shoals:4)
  2 large abominations (Gauntlet)
  10 jumping spiders
  11 culicivoras
  A shadow (D:12)
  2 spriggans (D:13)
  6 wraiths
  4 wyverns
  18 yaks
  6 water elementals
  4 basilisks
  2 chaos spawn
  A neqoxec (D:15)
  23 redbacks
  3 steam dragons
  4 vampire mosquitoes (D:11)
  2 wargs
  Menkaure (D:5)
  9 water moccasins
  A floating eye (shapeshifter) (D:14)
  2 hell hounds (Lair:5)
  10 orc warriors
  2 sky beasts
  2 black bears
  An ice beast (D:7)
  An elephant zombie (Lair:4)
  10 ogres
  12 centaurs
  7 wolves
  2 phantoms
  5 kobold brigands
  2 lemures (D:3)
  A komodo dragon zombie (Lair:4)
  10 bullfrogs
  6 small abominations (Gauntlet)
  Blork the orc (D:5)
  8 gnoll sergeants
  5 scorpions
  5 wights (D:10)
  11 killer bees
  5 howler monkeys
  3 electric eels
  4 lava snakes (Lair:5)
  13 orc priests
  Crazy Yiuf (D:2)
  A basilisk zombie (Lair:4)
  10 hounds
  5 gnoll boudas
  4 jellies
  2 sleepcaps
  Terence (D:2)
  Ijyb (D:3)
  Natasha (thrice) (D:3)
  3 iguanas
  11 orc wizards
  6 adders
  35 gnolls
  A shadow imp (D:6)
  2 ufetubi
  2 worms (D:2)
  The ghost of Tyszek the Sneak, a weakling MiDe (D:5)
  4 dart slugs
  61 orcs
  8 endoplasms
  2 giant cockroaches
  5 goblins
  10 hobgoblins
  4 jackals (D:3)
  25 kobolds
  2 quokkas
  8 ball pythons
  7 bats
  A frilled lizard (D:1)
  7 rats
  A rat zombie (D:3)
  4 tentacles
777 creatures vanquished.

Vanquished Creatures (collateral kills)
  2 krakens
  2 ghost moths (Spider:4)
  4 broodmothers
  An orc warlord (Orc:1)
  A very ugly thing (Depths:2)
  A spriggan defender (Depths:2)
  3 stone giants
  A minotaur (Gauntlet)
  A spark wasp (Spider:3)
  2 ettins
  An entropy weaver (Spider:3)
  7 merfolk impalers
  Josephine (Lair:4)
  The ghost of crompyre the Skirmisher, a journeyman TeHu of Hepliaklqana (Lair:5)
  A great orb of eyes (Gauntlet)
  4 merfolk javelineers (Shoals:4)
  An ice dragon (IceCv)
  A jorogumo (Spider:4)
  2 centaur warriors
  2 ogre magi (Orc:2)
  A merfolk avatar (Shoals:4)
  2 catoblepae
  2 hydras
  A radroach (Spider:2)
  A boulder beetle (Spider:4)
  4 merfolk aquamancers
  6 two-headed ogres (Orc:2)
  6 death yaks
  An orc high priest (Orc:2)
  4 satyrs
  A tengu warrior (D:15)
  A spriggan berserker (Depths:2)
  A deep troll shaman (Depths:2)
  A hell knight (Depths:2)
  2 sun moths
  A pharaoh ant (Spider:4)
  A skeletal warrior (D:15)
  A skyshark (Shoals:3)
  10 sea snakes
  A deep troll (Orc:2)
  6 orb spiders
  A spriggan rider (Depths:1)
  6 steelbarb worms
  A harpy (Shoals:4)
  5 ugly things
  2 orc sorcerers (Orc:2)
  11 wolf spiders
  2 necromancers (D:15)
  9 manticores
  2 cyclopes
  4 elephants (Lair:4)
  13 fauns
  5 moths of wrath
  A merfolk siren (Shoals:1)
  A rust devil (D:15)
  6 demonic crawlers
  6 water nymphs
  4 black mambas
  5 cane toads
  3 torpor snails (Spider:4)
  2 ice statues (D:15)
  2 molten gargoyles (Lair:5)
  5 rime drakes
  5 komodo dragons
  2 hornets (Depths:1)
  21 merfolk
  7 trolls (Orc:2)
  A meliai (Spider:4)
  A wind drake (Shoals:4)
  A polar bear (IceCv)
  10 tarantellas
  3 snapping turtles (Shoals:4)
  11 blink frogs
  A raiju (shapeshifter) (D:14)
  12 jumping spiders
  3 slime creatures
  8 culicivoras
  2 wraiths (Lair:4)
  3 spriggans
  A wyvern (Lair:5)
  A ynoxinul (D:15)
  17 yaks
  13 water elementals
  3 basilisks
  18 redbacks
  A steam dragon (Lair:5)
  An acid dragon (D:11)
  A hell hound (Lair:5)
  3 wargs
  A floating eye (Depths:2)
  2 water moccasins
  8 orc warriors
  A sky beast (Shoals:4)
  An elephant zombie (Lair:4)
  2 wolves (Bailey)
  13 ogres
  5 centaurs
  A rime drake zombie (IceCv)
  A komodo dragon zombie (Lair:4)
  5 bullfrogs
  2 gnoll sergeants (Bailey)
  A warg zombie (Orc:2)
  17 killer bees
  A howler monkey (D:12)
  6 electric eels
  A lava snake (Lair:5)
  3 jellies (Lair:4)
  4 orc priests
  2 gnoll boudas (Bailey)
  7 orc wizards
  4 gnolls
  30 orcs
  A bat (Shoals:4)
  2 endoplasms (Lair:4)
  A kobold (D:7)
  2 butterflies (D:8)
  A tentacle (Shoals:3)
464 creatures vanquished.

Vanquished Creatures (others)
  A spectral merfolk (Depths:1)
  A very ugly thing zombie (Depths:2)
  A spectral jorogumo (Spider:4)
  2 spectral broodmothers
  A spectral sixfirhy (D:15)
  A spectral fire dragon (Orc:2)
  A ghost moth zombie (Spider:4)
  An ugly thing zombie (IceCv)
  2 wolf spider zombies (Spider:4)
  3 stone giant zombies
  A spectral meliai (Lair:5)
  A broodmother zombie (Spider:4)
  A spectral sun moth (Spider:3)
  7 redback zombies
  4 sea snake zombies
  A white draconian zombie (IceCv)
  A steelbarb worm zombie (Spider:3)
  3 harpy zombies
  An orb spider zombie (Spider:2)
  A spectral cyclops (Shoals:2)
  2 moth of wrath zombies
  2 meliai zombies
  An ettin zombie (Depths:1)
  A spectral floating eye (Depths:2)
  4 culicivora zombies
  3 jumping spider zombies
  3 human zombies (IceCv)
  2 ice dragon zombies (IceCv)
  A satyr zombie (Shoals:4)
  6 tarantella zombies
  3 black mamba zombies (Lair:5)
  A spectral ice devil (D:15)
  A wind drake zombie (Shoals:4)
  A slime creature zombie (D:13)
  5 spriggan zombies
  A spectral rust devil (D:15)
  2 two-headed ogre zombies (Orc:2)
  A water nymph zombie (Shoals:3)
  A tengu zombie (Depths:2)
  4 deep troll zombies
  3 faun zombies
  A water moccasin (Lair:1)
  A spectral red devil (D:15)
  12 merfolk zombies
  2 elephant zombies
  3 manticore zombies
  8 blink frog zombies
  A spectral ynoxinul (D:15)
  A rime drake zombie (IceCv)
  3 komodo dragon zombies (Lair:5)
  A wyvern zombie (Lair:5)
  2 hell hound zombies (Lair:5)
  3 water moccasin zombies
  4 troll zombies (Orc:2)
  A warg zombie (Orc:2)
  4 yak zombies
  3 polar bear zombies (IceCv)
  3 wolf zombies
  2 bullfrog zombies
  7 centaur zombies
  13 killer bee zombies
  9 ogre zombies (Orc:2)
  2 hound zombies
  3 spectral electric eels (Lair:4)
  A howler monkey zombie (D:12)
  A steam dragon zombie (D:9)
  A jelly zombie (Lair:4)
  A bat zombie (Shoals:4)
  A kobold (D:9)
  An endoplasm zombie (Lair:4)
  12 gnoll zombies
  3 kobold zombies
  36 orc zombies
  10 tentacles
239 creatures vanquished.

Grand Total: 1480 creatures vanquished

Notes
Turn   | Place    | Note
-------+----------+-------------------------------------------
     0 | D:1      | Bnni the Formicid Fighter began the quest for the Orb.
     0 | D:1      | Reached XP level 1. HP: 18/18 MP: 1/1
   107 | D:1      | Reached XP level 2. HP: 20/24 MP: 2/2
   291 | D:1      | Reached XP level 3. HP: 29/29 MP: 3/3
   847 | D:2      | Reached XP level 4. HP: 37/37 MP: 4/4
  1062 | D:2      | Noticed Terence
  1068 | D:2      | Killed Terence
  1166 | D:2      | Found a burning altar of Makhleb.
  1187 | D:2      | Reached XP level 5. HP: 31/42 MP: 5/5
  1694 | D:2      | Found a runed translucent door.
  1695 | D:2      | Noticed Crazy Yiuf
  1702 | D:2      | Killed Crazy Yiuf
  1912 | D:3      | Found a sparkling altar of Nemelex Xobeh.
  2047 | D:3      | Found an opulent altar of Gozag.
  2073 | D:3      | Found a glowing silver altar of Zin.
  2099 | D:3      | Noticed Natasha
  2114 | D:3      | Killed Natasha
  2115 | D:3      | Reached XP level 6. HP: 27/49 MP: 6/6
  2159 | D:3      | Noticed Natasha
  2166 | D:3      | Killed Natasha
  2167 | D:3      | Reached skill level 5 in Polearms
  2347 | D:3      | Found a faded altar of an unknown god.
  2436 | D:3      | Noticed Natasha
  2440 | D:3      | Killed Natasha
  2441 | D:3      | Reached skill level 5 in Fighting
  2677 | D:3      | Noticed Ijyb
  2696 | D:3      | Killed Ijyb
  2767 | D:4      | Noticed a sky beast
  2767 | D:4      | Noticed Pikel
  2767 | D:4      | Noticed an ogre
  2767 | D:4      | Found a stormy altar of Qazlal.
  2771 | D:3      | Killed an ogre
  2772 | D:3      | Reached XP level 7. HP: 56/56 MP: 7/7
  2960 | D:4      | Noticed Grinder
  2977 | D:4      | Reached XP level 8. HP: 64/64 MP: 8/8
  2996 | D:4      | Killed Grinder
  3324 | D:4      | Found a staircase to the Ecumenical Temple.
  3336 | Temple   | Entered the Ecumenical Temple
  3899 | D:4      | Killed Pikel
  3900 | D:4      | Reached XP level 9. HP: 58/72 MP: 9/9
  4018 | D:5      | Entered Level 5 of the Dungeon
  4283 | D:5      | Noticed Blork the orc
  4294 | D:5      | Killed Blork the orc
  4370 | D:5      | Noticed Menkaure
  4376 | D:5      | Killed Menkaure
  4557 | D:5      | Found a runed translucent gate.
  4557 | D:5      | Found a runed translucent gate.
  4557 | D:5      | Found an opulent altar of Gozag.
  4558 | D:5      | Found a runed translucent gate.
  4558 | D:5      | Noticed Tyszek's ghost (weakling MiDe)
  4570 | D:5      | Killed Tyszek's ghost
  4579 | D:5      | Reached skill level 10 in Polearms
  4660 | D:5      | Noticed Prince Ribbit
  4665 | D:5      | Killed Prince Ribbit
  5268 | D:6      | Reached XP level 10. HP: 75/82 MP: 10/10
  5331 | D:6      | Found a blossoming altar of Fedhas.
  5906 | D:6      | Found a hazy altar of Hepliaklqana.
  5912 | D:6      | Found a basalt altar of Yredelemnul.
  6063 | D:6      | Became a worshipper of Yredelemnul the Dark
  6217 | D:7      | Reached * piety under Yredelemnul
  6225 | D:7      | Reached skill level 1 in Invocations
  6351 | D:7      | Reached ** piety under Yredelemnul
  6388 | D:7      | Reached *** piety under Yredelemnul
  7422 | D:8      | Found a shimmering altar of Xom.
  7868 | D:8      | Found a shadowy altar of Dithmenos.
  7882 | D:8      | Found a white marble altar of Elyvilon.
  8476 | D:9      | Reached skill level 5 in Invocations
  8536 | D:9      | Noticed Maurice
  8549 | D:9      | Killed Maurice
  8550 | D:9      | Reached XP level 11. HP: 85/90 MP: 15/15
  8635 | D:9      | Found a runed translucent door.
  8635 | D:9      | Noticed dvd2's ghost (journeyman OpAE)
  8657 | D:9      | Noticed Erica
  8659 | D:9      | Reached skill level 10 in Fighting
  8668 | D:9      | Killed Erica
  8689 | D:9      | Found a staircase to the Lair.
  8746 | D:9      | Found a flagged portal.
  8763 | Bailey   | Entered a bailey
  9706 | Bailey   | Got the Tome of Cryomancy
  9707 | Bailey   | Identified the +3 great sword "Kefegoug" {pain, rPois}
 10308 | D:9      | Killed dvd2's ghost
 10335 | D:10     | Entered Level 10 of the Dungeon
 10680 | D:10     | Found a portal to a secret trove of treasure.
 11375 | D:11     | Noticed a purple ugly thing
 11390 | D:11     | Killed a purple ugly thing
 11451 | D:11     | Found Ridd's Armour Emporium.
 11623 | D:11     | Reached XP level 12. HP: 93/99 MP: 19/19
 11636 | D:11     | Reached **** piety under Yredelemnul
 11644 | D:11     | Reached ***** piety under Yredelemnul
 12032 | D:12     | Found a staircase to the Orcish Mines.
 12089 | D:12     | Noticed a two-headed ogre
 12093 | D:12     | Killed a two-headed ogre
 12094 | D:12     | Reached skill level 10 in Invocations
 12145 | D:12     | Found a gate leading to a gauntlet.
 12154 | Gauntlet | Entered a Gauntlet
 12154 | Gauntlet | Noticed a large abomination
 12154 | Gauntlet | Found a transporter.
 12154 | Gauntlet | Found a transporter.
 12220 | Gauntlet | Found a transporter.
 12225 | Gauntlet | Found a transporter.
 12236 | Gauntlet | Found a transporter.
 12238 | Gauntlet | Noticed an entropy weaver
 12240 | Gauntlet | Found a transporter.
 12240 | Gauntlet | Found a runed translucent door.
 12240 | Gauntlet | Found a runed translucent door.
 12240 | Gauntlet | Noticed a death scarab
 12240 | Gauntlet | Found the necklace of Bloodlust {Fury *Rage Will++ Int-3
                  | Slay+6}
 12244 | Gauntlet | Found a transporter.
 12257 | Gauntlet | Noticed a great orb of eyes
 12261 | Gauntlet | Found a transporter.
 12278 | Gauntlet | Found a transporter.
 12279 | Gauntlet | Found a transporter.
 12281 | Gauntlet | Found a runed translucent gate.
 12281 | Gauntlet | Found a runed translucent gate.
 12281 | Gauntlet | Found a runed translucent gate.
 12287 | Gauntlet | Found a transporter.
 12291 | Gauntlet | Found a transporter.
 12366 | Gauntlet | Killed a large abomination
 12393 | Gauntlet | Killed a death scarab
 12442 | Gauntlet | Killed a great orb of eyes
 12445 | Gauntlet | Identified the ring "Nuecobag" {rF+ Will+}
 12594 | Gauntlet | Noticed a minotaur
 12599 | Gauntlet | Killed a minotaur
 12604 | Gauntlet | Identified the +5 dire flail of Propriety {drain, Str+2}
 12604 | Gauntlet | Identified the +0 scale mail "Wais" {rElec Str-5 Dex+7}
 12604 | Gauntlet | Identified the +8 trident "Murmur" {drain, rPois}
 12605 | Gauntlet | Got the Parchment of Mutable Places
 12732 | D:12     | Reached skill level 1 in Throwing
 12882 | D:12     | Noticed a boulder beetle
 12897 | D:12     | Killed a boulder beetle
 13056 | D:12     | Reached XP level 13. HP: 107/107 MP: 18/21
 13618 | D:13     | HP: 3/107 [very large slime creature (6)]
 14234 | D:13     | Reached skill level 15 in Polearms
 14239 | D:13     | Reached ****** piety under Yredelemnul
 14288 | D:13     | Noticed a centaur warrior
 14298 | D:13     | Killed a centaur warrior
 14485 | D:13     | Found a runed translucent door.
 14488 | D:13     | Noticed Mallanif's ghost (journeyman GnTm)
 14488 | D:13     | Identified the +2 spear of the Valley {venom, rN+}
 14869 | D:13     | Killed Mallanif's ghost
 15093 | Lair:1   | Entered Level 1 of the Lair of Beasts
 15293 | Lair:1   | Identified the +0 robe "Nawadom" {Rampage rC+ Int+5}
 16180 | Lair:2   | You fall into a shaft and drop 1 floor!
 16272 | Lair:3   | Found a staircase to the Shoals.
 16520 | Lair:3   | Found a hole to the Spider Nest.
 16531 | Lair:3   | Reached XP level 14. HP: 116/116 MP: 15/24
 17782 | Lair:4   | Reached skill level 5 in Throwing
 17873 | Lair:4   | Noticed Josephine
 17881 | Lair:4   | Killed Josephine
 17885 | Lair:4   | Reached skill level 5 in Armour
 18020 | Lair:4   | Found a staircase to the Slime Pits.
 18022 | Lair:4   | Found a viscous altar of Jiyva.
 18762 | Lair:5   | Entered Level 5 of the Lair of Beasts
 18922 | Lair:5   | Noticed crompyre's ghost (journeyman TeHu)
 18923 | Lair:5   | Found a transporter.
 18940 | Lair:5   | Found a transporter.
 18976 | Lair:5   | Killed crompyre's ghost
 19008 | Lair:5   | Reached skill level 15 in Invocations
 19582 | Lair:5   | Reached XP level 15. HP: 124/124 MP: 26/26
 19645 | Lair:5   | Gained mutation: You do not regenerate when monsters are
                  | visible. [a shining eye]
 19662 | Lair:5   | Lost mutation: You do not regenerate when monsters are
                  | visible. [potion of mutation]
 19662 | Lair:5   | Gained mutation: You are somewhat resistant to further
                  | mutation. [potion of mutation]
 20426 | Lair:5   | Found a large runed translucent door.
 20426 | Lair:5   | Found a large runed translucent door.
 21189 | Orc:1    | Entered Level 1 of the Orcish Mines
 21237 | Orc:2    | Entered Level 2 of the Orcish Mines
 21481 | Orc:2    | Found Siyn's Weapon Emporium.
 21566 | Orc:2    | Found Cuwn's Magic Scroll Boutique.
 21574 | Orc:2    | Found Qop Goyq's Book Shoppe.
 21575 | Orc:2    | Found Colui's Weapon Shoppe.
 21581 | Orc:2    | Found a staircase to the Elven Halls.
 21676 | Orc:2    | Found Tumufai's Armour Shoppe.
 21696 | Orc:2    | Bought the +2 pair of gloves of Qanaurug {rElec} for 399
                  | gold pieces
 22033 | Orc:2    | Bought a scroll of identify for 22 gold pieces
 22033 | Orc:2    | Bought a scroll of identify for 22 gold pieces
 22033 | Orc:2    | Bought a scroll of brand weapon for 104 gold pieces
 22153 | Orc:1    | Reached XP level 16. HP: 133/133 MP: 28/28
 22581 | Orc:1    | Found a shimmering blue altar of Sif Muna.
 22843 | Spider:1 | Entered Level 1 of the Spider Nest
 23087 | Spider:1 | Identified the +9 morningstar of the Silent Majority
                  | {venom, Dex+6}
 26204 | Spider:4 | Entered Level 4 of the Spider Nest
 26555 | Spider:4 | Reached XP level 17. HP: 140/140 MP: 4/29
 26905 | Spider:4 | Identified the +0 hat "Ajafys" {Str+2 Slay+3}
 26914 | Spider:4 | Got a gossamer rune of Zot
 27359 | Spider:4 | Reached skill level 15 in Fighting
 28186 | Shoals:1 | Entered Level 1 of the Shoals
 28913 | Shoals:1 | Identified the +8 scale mail of Insurance {rElec Dex-5
                  | Stlth+}
 29439 | Shoals:2 | Reached XP level 18. HP: 118/149 MP: 31/31
 29449 | Shoals:2 | Reached skill level 10 in Armour
 30861 | Shoals:2 | Noticed Polyphemus
 30871 | Shoals:2 | Killed Polyphemus
 31038 | Shoals:3 | Noticed a kraken
 31055 | Shoals:3 | Killed a kraken
 31602 | Shoals:3 | Reached skill level 10 in Throwing
 32871 | Shoals:4 | Entered Level 4 of the Shoals
 33093 | Shoals:4 | Learned a level 1 spell: Apportation
 33096 | Shoals:4 | Learned a level 2 spell: Lesser Beckoning
 33097 | Shoals:4 | Reached XP level 19. HP: 91/157 MP: 33/33
 33100 | Shoals:4 | Learned a level 3 spell: Portal Projectile
 33105 | Shoals:4 | Learned a level 4 spell: Manifold Assault
 33120 | Shoals:4 | Learned a level 4 spell: Passage of Golubria
 33156 | Shoals:4 | Got a barnacled rune of Zot
 33701 | Shoals:4 | Noticed Ilsuiw
 33709 | Shoals:4 | Killed Ilsuiw
 33709 | Shoals:4 | Enslaved Ilsuiw
 34992 | D:14     | Found a gate to the Vaults.
 35232 | D:15     | Entered Level 15 of the Dungeon
 35245 | D:15     | Reached skill level 1 in Translocations
 35325 | D:15     | Found a frozen archway.
 35338 | IceCv    | Entered an ice cave
 35748 | IceCv    | Reached skill level 5 in Translocations
 35748 | IceCv    | Reached XP level 20. HP: 159/166 MP: 34/34
 36611 | D:15     | Reached XP level 21. HP: 157/173 MP: 35/35
 36634 | D:15     | Identified the +3 chain mail of Tulips {rElec rF+}
 36697 | D:15     | Found a staircase to the Depths.
 37060 | Depths:1 | Entered Level 1 of the Depths
 37687 | Depths:2 | Found a one-way gate leading to the halls of Pandemonium.
 37949 | Depths:2 | Identified the +8 flail of Welfare {heavy, Int+2}
 38116 | Depths:2 | Noticed Asterion
 38125 | Depths:2 | Killed Asterion
 38166 | Depths:2 | Found a bloodstained altar of Trog.
 38606 | Depths:2 | Found Goiklora's Magic Scroll Shoppe.
 38610 | Depths:2 | Bought a scroll of acquirement for 728 gold pieces
 38610 | Depths:2 | Acquired 1081 gold pieces
 38707 | Depths:2 | Found a gateway to Hell.
 38916 | Depths:1 | Your ally Ilsuiw died
 38959 | Depths:1 | HP: 8/173 [spriggan rider/+0 spear (11)]
 38970 | Depths:1 | Killed from afar by a hell knight

Illustrated notes

Levels and vault maps discovered:
D:1:      amcnicky_arrival_feature_with_door, layout_loops_ring,
          serial_bayou_crossing
D:2:      layout_basic, basic_altar, uniq_crazy_yiuf_cottage, uniq_terence
D:3:      layout_basic, nicolae_gozag_cash_rules_everything_around_me,
          nemelex_xobeh_ov_fountains_minmay, overflow_temple_1_default,
          shapermc_ecumenical_altar_totnotflames, serial_corexii_hall,
          chequers_hall_statues_wall_a, corexii_hall_statues_s, uniq_ijyb,
          uniq_natasha
D:4:      wad_lake_hut, layout_rooms, nicolae_qazlal_beasts_of_the_sky,
          minmay_temple_entry_proselytizer, minmay_manual_monstrance,
          uniq_grinder, uniq_pikel
D:5:      layout_loops_corners, ebering_ghost_gozag, uniq_blork_the_orc,
          uniq_menkaure, uniq_prince_ribbit1
D:6:      cheibrodos_helix_gallery, layout_basic, fedhas_altar_3,
          chequers_temple_overflow_statue_of_worship
D:7:      layout_loops_corners, kennysheep_generic_room_10
D:8:      layout_basic, xom_butterflies, mainiacjoe_overflow_catwalk_spiral,
          serial_bayou_pond_d, dk_noncrumbling_2
D:9:      layout_basic, dpeg_oklobed_lair, enter_bailey_2,
          hellmonk_ghost_happy_afterlife, st_stairs_9, uniq_erica, uniq_maurice
D:10:     layout_stronghold, nicolae_trove_entry_crystal
D:11:     layout_loops_ring, serial_shops, shop
D:12:     layout_stronghold, hiddenorc2_lemuel, gauntlet_entry_generic,
          minmay_fountain_box
D:13:     layout_small_grid, ebering_ghost_funeral_grove, nicolae_eternal_life
D:14:     layout_irregular_city, david_vaults_4, serial_column_ruins,
          column_ruins_hut, column_ruins_circle_small, column_ruins_open_tiny,
          column_ruins_columns_straight, column_ruins_grid_1,
          grunt_decor_arrowhead, fake_guardian_serpent_vault
D:15:     hangedman_depths_entry_civil_slaughter, layout_rooms,
          portal_ice_cave_entry_ice_statue_two, serial_demonic,
          serial_demonic_b, serial_demonic_b, serial_demonic_c,
          serial_demonic_e, fountainhead
Temple:   hellmonk_temple_forest_ring
Lair:1:   layout_concentric_octagons, grunt_megastairs_1, serial_bayou_shore_a
Lair:2:   layout_chaotic_city, minmay_shattered_shrine
Lair:3:   layout_chaotic_city, elwin_shoals_entry_rocks,
          hellmonk_spider_entry_not_the_bees
Lair:4:   pond_and_an_island_with_a_cottage, layout_small_grid,
          nicolae_slime_entry_slimehenge, serial_bayou_lagoon_a, minivault_19,
          hibernation_bobbens, uniq_josephine
Lair:5:   cheibrodos_lair_end_hotspot, layout_layer_cave, gammafunk_ghost_arena,
          special_room [special_room_bee], st_stairs_4
Shoals:1: layout_shoals, hangedman_shoals_cup_caves
Shoals:2: cheibrodos_shoals_satyrical_garden, layout_shoals, uniq_polyphemus
Shoals:3: layout_shoals, nicolae_shoals_aquamancer_cove
Shoals:4: shoals_end_grunt_garden, layout_shoals, shoals_ilsuiw_alternative,
          nicolae_shoals_siren_and_animal_friends
Spider:1: layout_spider_delve
Spider:2: layout_spider_delve, drop_trap
Spider:3: layout_chambers
Spider:4: hellmonk_spider_rune_endless_swarm,
          nicolae_spider_some_kinda_spiderbox
Orc:1:    layout_diamond_mine, led_sif_book
Orc:2:    st_orc_open, layout_diamond_mine, serial_shops, shop, minmay_orc_keep
Depths:1: layout_roguey, enter_ziggurat_c, pan_entry, kiku_gazebo_pond_becter,
          hell_entry, lemuel_statue_altar, hangedman_decor_peaks_small,
          nicolae_two_hexagons, dk_noncrumbling_4,
          hangedman_abyss_or_decor_lesser_grid, grunt_ministairs_8,
          nrook_campfire, evilmike_ambush [evilmike_ambush_outer_basic,
          evilmike_ambush_inner_basic], uniq_aizul
Depths:2: minmay_diamond_stairs, layout_basic, rand_demon_pan_entry_8,
          serial_shops, nicolae_shop_rolled_up, small_statue_intersection,
          hell_entry, trog_three_pillars_becter, uniq_asterion

Skill      XL: |  1  2  3  4  5  6  7  8  9 10 11 12 13 14 15 16 17 18 19 20 21 |
---------------+----------------------------------------------------------------+-----
Polearms       | 3 4 6 7 9 10 12 13 14 15 16 17 18 19 20 21 | 21.6
Fighting       | 4 5 6 7 8 9 10 11 12 13 14 15 16 17 | 17.2
Invocations    | 6 9 11 13 15 16 17 18 20 21 | 21.2
Throwing       | 1 4 6 7 8 9 10 11 12 | 12.2
Armour         | 5 7 8 9 10 | 10.0
Translocations | 5 |  5.3
Shields        | |  4.7

Action                     |  1- 3 |  4- 6 |  7- 9 | 10-12 | 13-15 | 16-18 | 19-21 || total
---------------------------+-------+-------+-------+-------+-------+-------+-------++-------
  Melee: Trident           |    88 |    73 |       |       |       |       |       ||   161
         Quarterstaff      |       |    70 |   129 |       |       |       |       ||   199
         Halberd           |       |       |    66 |   599 |   622 |   873 |       ||  2160
         Bardiche          |       |       |       |       |       |    16 |   319 ||   335
  Throw: Throwing net      |       |       |       |     4 |       |     1 |     8 ||    13
         Dart              |       |       |       |       |     5 |       |     1 ||     6
         Javelin           |       |       |       |       |       |    14 |     1 ||    15
         Boomerang         |       |       |       |       |       |    37 |    25 ||    62
 Invoke: Recall Undead Har |       |       |       |     5 |    13 |     7 |    11 ||    36
         Dark Bargain      |       |       |       |     2 |    12 |    29 |    12 ||    55
         Bind Soul         |       |       |       |       |     5 |    11 |     1 ||    17
         Drain Life        |       |       |       |       |     1 |     3 |     3 ||     7
Ability: Dig               |       |       |       |     2 |     5 |     3 |     5 ||    15
  Evoke: Wand              |       |       |       |       |     5 |     5 |       ||    10
    Use: Potion            |       |     1 |       |     3 |     4 |     4 |     7 ||    19
         Scroll            |       |       |     2 |     8 |    18 |     8 |     6 ||    42
   Stab: Paralysed         |       |       |     1 |       |     1 |       |     1 ||     3
         Petrified         |       |       |     4 |       |       |       |       ||     4
         Distracted        |       |       |       |     3 |    13 |    18 |     8 ||    42
         Held in net/web   |       |       |       |     3 |       |       |     3 ||     6
         Fleeing           |       |       |       |       |       |     1 |     1 ||     2
         Sleeping          |       |       |       |       |       |     1 |       ||     1
 Armour: Scale mail        |    27 |    26 |       |       |       |       |       ||    53
         Chain mail        |       |    36 |    67 |     2 |       |       |       ||   105
         Plate armour      |       |       |       |   118 |       |       |       ||   118
         Crystal plate arm |       |       |       |   153 |   262 |   673 |   377 ||  1465
  Dodge: Dodged            |    24 |    57 |    60 |    85 |    59 |   239 |   107 ||   631
  Block: Buckler           |    15 |    29 |    89 |   265 |    65 |   189 |    45 ||   697
         Reflection        |       |       |     2 |    18 |       |       |       ||    20
         Kite shield       |       |       |       |       |       |       |    15 ||    15
